 Dungeon Crawl Stone Soup version 0.19-a0-1239-gbb8a913 (webtiles) character file.

63 Lindan9 the Shield-Bearer (level 4, 0/37 HPs)
             Began as a Formicid Fighter on Aug 26, 2016.
             Slain by a gnoll
             ... wielding a +0 spear
              (5 damage)
             ... on level 2 of the Dungeon.
             The game lasted 00:04:09 (1061 turns).

Lindan9 the Shield-Bearer (Formicid Fighter)        Turns: 1061, Time: 00:04:11

Health: 0/37       AC: 10    Str: 21    XL:     4   Next: 30%
Magic:  4/4        EV:  8    Int:  8    God:
Gold:   52         SH:  9    Dex: 10    Spells: 0 memorised, 3 levels left

rFire  . . .     SeeInvis +     a - +0 war axe
rCold  . . .     Gourm    .     b - +0 scale mail
rNeg   . . .     Faith    .     c - +0 shield
rPois  .         Spirit   .     (helmet unavailable)
rElec  .         Dismiss  .     (no cloak)
rCorr  .         Reflect  .     (no gloves)
MR     .....     Harm     .     (no boots)
Stlth  ..........               (no amulet)
                                (no ring)
                                l - +3 ring of protection

@: no status effects
A: permanent stasis, dig shafts and tunnels, four strong arms, antennae 3
a: Dig, Shaft Self


You were on level 2 of the Dungeon.
You were not hungry.

You visited 1 branch of the dungeon, and saw 2 of its levels.

You collected 52 gold pieces.

Inventory:

Hand Weapons
 a - a +0 war axe (weapon)
 n - a +0 dagger of holy wrath
Armour
 b - a +0 scale mail (worn)
 c - a +0 shield (worn)
Jewellery
 l - a +3 ring of protection (left hand)
Scrolls
 i - a scroll of teleportation {unknown}
 m - a scroll of remove curse {unknown}
 p - a scroll of blinking {unknown}
 q - a scroll of identify {unknown}
Potions
 d - a potion of might (quivered)
 e - a potion of agility {unknown}
 g - a potion of magic {unknown}
 k - a potion of lignification {unknown}
 o - a potion of mutation {unknown}
 r - a potion of degeneration {unknown}
Comestibles
 h - a meat ration
 j - 2 slices of pizza


   Skills:
 + Level 3.7 Fighting
 + Level 2.2 Axes
 + Level 4.0 Armour
 + Level 0.3 Dodging
 + Level 0.6 Stealth
 + Level 4.4 Shields


You had 3 spell levels left.
You didn't know any spells.

Dungeon Overview and Level Annotations

Branches:
Dungeon (2/15)

Altars:


Innate Abilities, Weirdness & Mutations

You are under a permanent stasis effect.
You can dig through walls and to a lower floor.
Your four strong arms can wield two-handed weapons with a shield.
You have a pair of large antennae on your head. (SInv)


Message History

You hit the gnoll.
You kill the gnoll!
You block the gnoll's attack. The gnoll hits you with a spear.
* * * LOW HITPOINT WARNING * * *
Things that are here:
a halberd; a gnoll corpse You hit the gnoll.
The gnoll is lightly wounded.
The gnoll hits you with a spear.
* * * LOW HITPOINT WARNING * * *
The gnoll hits you but does no damage.
You are too injured to fight recklessly!
You barely miss the gnoll.
The gnoll is lightly wounded.
You block the gnoll's attack.
Your shield and scale mail prevent you from hitting the gnoll.
The gnoll is lightly wounded.
The gnoll hits you but does no damage. The gnoll hits you with a spear.
You die...

#.................
#.#####'#....###.#
#.# #...........#
#.# #...........#
#.# #...........+
#.# #...........#
#.# #...........#
#
#.####†..#'#######
# #..@g'(..#.# #
######...#(######
# #...#......####
#..............
#..............
#..............
#...######'###.
#...#......# #.
#...#......# #.


You could see a gnoll.

Vanquished Creatures
  2 gnolls (D:2)
  4 dart slugs
  4 bats
  8 goblins (D:1)
  3 hobgoblins (D:1)
  4 jackals (D:1)
  3 giant newts (D:1)
  2 kobolds (D:1)
  4 rats (D:1)
34 creatures vanquished.

Notes
Turn   | Place    | Note
-------+----------+-------------------------------------------
     0 | D:1      | Lindan9 the Formicid Fighter began the quest for the Orb.
     0 | D:1      | Reached XP level 1. HP: 18/18 MP: 1/1
    60 | D:1      | Reached XP level 2. HP: 19/24 MP: 2/2
   314 | D:1      | Reached XP level 3. HP: 27/29 MP: 3/3
  1039 | D:2      | Reached XP level 4. HP: 31/37 MP: 4/4
  1061 | D:2      | Slain by a gnoll

Vault maps used:
D:1:      saegor_arrival_miasma, grunt_decor_clamped, minmay_tetromino_s4
D:2:      lemuel_round_altar, kennysheep_ying_yang, uniq_crazy_yiuf_cottage

Skill      XL: |  1  2  3 |
---------------+----------+-----
Shields        | 4 |  4.4
Armour         | 4 |  4.0
Fighting       | |  3.7
Axes           | |  2.2
Dodging        | |  0.3
Stealth        | |  0.6

Action                   |  1- 3 |  4- 6 || total
-------------------------+-------+-------++-------
Melee: War axe           |    85 |    13 ||    98
  Eat: Bread ration      |     1 |       ||     1
Armor: Scale mail        |    58 |     9 ||    67
Dodge: Dodged            |    32 |     8 ||    40
Block: Shield            |    62 |    10 ||    72
